Cogmind - Beta 14 *** ADVENTURER MODE // 2024.12.14 @ 16:40:20 Player: Games Result: Destroyed by Y-45 Defender with Beam Rifle Performance ------------- Evolutions (2) 1000 Regions Visited (4) 800 Robots Destroyed (41) 205 Value Destroyed (1125) 1125 Prototype IDs (0) 0 Alien Tech Used (0) 0 Bonus (0) 0 TOTAL SCORE: 3130 Bonus ------- None Cogmind --------- Core Integrity 0/550 Matter 300/300 Energy 100/100 System Corruption 0% Temperature Cool (9) Movement Core (1350) Ox26 Location -8/Materials Parts ------- > --- POWER (2) -------- (None) > --- PROPULSION (3) --- (None) > --- UTILITY (4) ------ Huge Storage Unit > --- WEAPON (2) ------- (None) > --- INVENTORY (25) --- Light Treads Wheel Compact Wheel Small Battery (100) Medium Matter Pod (100) Light Armor Plating Light Armor Plating Hacking Suite Heavy EM Pulse Gun Medium Laser Beam Rifle Light Assault Rifle Peak State ------------ > --- POWER ------------ Light Ion Engine Improved Ion Engine > --- PROPULSION ------- Wheel Armored Wheel Armored Wheel > --- UTILITY ---------- Heat Sink Huge Storage Unit Kinecellerator Improved Utility Shielding > --- WEAPON ----------- Lightning Gun Improved EM Pulse Cannon > --- INVENTORY -------- Light Treads Wheel Compact Wheel Small Battery Medium Matter Pod Light Armor Plating Light Armor Plating Hacking Suite Heavy EM Pulse Gun Medium Laser Beam Rifle Light Assault Rifle [Rating: 26] Favorites ----------- Power Light Ion Engine Engine Light Ion Engine Power Core Light Nuclear Core Propulsion Light Treads Treads Light Treads Leg Aluminum Leg Wheel Armored Wheel Utility Huge Storage Unit Device Heat Sink Storage Huge Storage Unit Protection Improved Utility Shielding Weapon Beam Rifle Energy Gun Beam Rifle Energy Cannon Improved EM Pulse Cannon Ballistic Gun Light Assault Rifle Build | -11 -10 -10 -9 -8 ------- Run | Yrd Mat Min Mat Mat Slots Evolved 4 | . . . 2 2 Power 1 | . . . 1 . Propulsion 1 | . . . 1 . Utility 2 | . . . . 2 Weapon . | . . . . . Parts Attached 33 | 6 2 5 9 11 Power 6 | 1 1 1 2 1 Engine 5 | 1 1 . 2 1 Core 1 | . . 1 . . Reactor . | . . . . . Propulsion 9 | 2 . . 6 1 Treads 2 | 2 . . . . Leg 1 | . . . 1 . Wheel 6 | . . . 5 1 Hover . | . . . . . Flight . | . . . . . Utility 8 | 1 1 1 . 5 Device 2 | . . 1 . 1 Storage 2 | 1 1 . . . Processor . | . . . . . Hackware . | . . . . . Protection 4 | . . . . 4 Artifact . | . . . . . Weapon 10 | 2 . 3 1 4 Energy Gun 7 | 1 . 3 . 3 Energy Cannon 1 | . . . . 1 Ballistic Gun 2 | 1 . . 1 . Ballistic Cannon . | . . . . . Launcher . | . . . . . Special Weapon . | . . . . . Impact Weapon . | . . . . . Slashing Weapon . | . . . . . Piercing Weapon . | . . . . . Special Melee Weapon . | . . . . . Unidentified Prototypes . | . . . . . Parts Lost 14 | . . 3 1 10 Power 4 | . . 2 . 2 Propulsion 4 | . . . 1 3 Utility 3 | . . . . 3 Weapon 3 | . . 1 . 2 Highest Loss Streak 6 | . . 1 1 6 To Critical Strikes . | . . . . . Average Slot Usage (%) 80 | . 92 88 73 71 Engine 7 | . 14 5 7 7 Core 1 | . . 4 . . Treads 16 | . 28 28 14 . Leg 1 | . . . 3 . Wheel 5 | . . . 3 18 Device 9 | . . 8 11 13 Storage 12 | . 21 15 11 9 Protection 2 | . . . . 8 Energy Gun 15 | . 14 23 11 7 Energy Cannon 1 | . . . . 5 Ballistic Gun 4 | . 14 1 11 . Peak Build Rating 26 | 6 7 10 13 26 Average Rating 10 | 4 6 7 7 18 On Entrance 6 | . 6 7 6 13 Naked Turns . | . . . . . Heaviest Build 108 | 13 91 91 91 108 Greatest Support 40 | 40 40 40 40 34 Greatest Overweight (x) 8 | . 2 2 8 4 Average Overweight (x) 2 | . . 2 2 2 Largest Inventory Capacity 25 | 8 25 25 25 25 Average Capacity 24 | 7 16 25 25 25 Most Carried 12 | 5 5 7 12 12 Average Carried 6 | 1 3 4 7 11 Final Capacity 25 | 8 25 25 25 25 Final Carried 12 | 2 5 7 10 12 Class Distribution -------------------- 77% | Mutant 22% | Scavenger-Mutant Dominant Class ---------------- Mutant | -10/Materials Mutant | -10/Mines Mutant | -9/Materials Mutant | -8/Materials Resources | -11 -10 -10 -9 -8 ----------- Run | Yrd Mat Min Mat Mat Matter Collected 608 | 239 15 78 146 130 Remotely . | . . . . . Salvage Created 1647 | . 15 314 643 675 Parts 86 | . 4 14 37 31 Haulers Intercepted . | . . . . . Recyclers Shooed . | . . . . . Parts Field Recycled . | . . . . . Retrieved Matter . | . . . . . Parts Self-Destructed . | . . . . . Prevented . | . . . . . Kills | -11 -10 -10 -9 -8 ------- Run | Yrd Mat Min Mat Mat Combat Hostiles Destroyed 28 | . . 8 5 15 Guns 19 | . . 8 5 6 Cannons 4 | . . . . 4 AOE 1 | . . . . 1 Classes Destroyed 9 | . 1 4 2 2 Worker 7 | . . 1 6 . Recycler 3 | . . . 3 . Mechanic 1 | . . . 1 . Watcher 2 | . 1 . 1 . Swarmer 6 | . . 2 . 4 Grunt 14 | . . 4 3 7 Duelist 1 | . . . . 1 Sentry 6 | . . 2 2 2 Hunter 1 | . . . . 1 Best Kill Streak 4 | . 1 3 4 4 Combat Bots Only 4 | . . 2 2 4 Max Kills in Single Turn 2 | . 1 1 1 2 Gunslinging 1 | . . . . 1 Exploded 1 | . . . . 1 Melee . | . . . . . Uniques/NPCs Destroyed . | . . . . . Combat | -11 -10 -10 -9 -8 -------- Run | Yrd Mat Min Mat Mat Hostile Shots Fired 296 | . 20 69 25 182 Missed 80 | . 11 11 6 52 Damage Taken 2346 | . 75 569 202 1500 Core 711 | . . 109 41 561 Absorbed by Shields . | . . . . . Redirected to Shielding 106 | . . . . 106 Ignored by Resistances 672 | . 23 172 59 418 Core Remaining (%) 81 | 100 . 56 89 . Volleys Fired 97 | . 3 27 38 29 Largest 2 | . 2 2 2 2 Hottest 124 | . 60 115 76 124 Shots Fired 193 | . 6 54 75 58 Gun 174 | . 6 54 75 39 Cannon 19 | . . . . 19 Launcher . | . . . . . Special . | . . . . . Kinetic 47 | . 3 7 37 . Thermal 95 | . . 47 38 10 Explosive . | . . . . . Electromagnetic 51 | . 3 . . 48 Robot Hit Streak 24 | . 3 11 24 18 Robot Miss Streak 4 | . 1 2 1 4 Penetration Max . | . . . . . Secondary Targets 2 | . . 1 . 1 Max Gunslinging Chain 1 | . . 1 . 1 Shots Hit Robots 143 | . 4 40 54 45 Core Hits 63 | . 2 18 26 17 Critical Kills . | . . . . . Critical Parts Destroyed . | . . . . . Critical Strikes 8 | . . 1 3 4 Burn 6 | . . 1 3 2 Corrupt 2 | . . . . 2 Melee Attacks . | . . . . . Impact . | . . . . . Slashing . | . . . . . Piercing . | . . . . . Sneak Attacks . | . . . . . Combat Hostiles . | . . . . . Follow-up Attacks . | . . . . . Damage Inflicted 2420 | . 55 525 688 1152 Guns 1819 | . 53 520 688 558 Cannons 439 | . . . . 439 Explosions 155 | . . . . 155 Melee . | . . . . . Ramming 7 | . 2 5 . . Kinetic 258 | . 18 41 199 . Thermal 1226 | . . 479 489 258 Explosive . | . . . . . Electromagnetic 929 | . 35 . . 894 Impact . | . . . . . Slashing . | . . . . . Piercing . | . . . . . Highest Corruption . | . . . . . Average Corruption . | . . . . . Corruption Purged . | . . . . . Corruption Blocked . | . . . . . Overload Shots . | . . . . . Overflow Damage 2 | . . . . 2 Projectiles . | . . . . . Explosions 2 | . . . . 2 Melee . | . . . . . Knockbacks . | . . . . . Impact . | . . . . . Kinetic . | . . . . . Secondary . | . . . . . Self-Inflicted Damage . | . . . . . Shots . | . . . . . Rammed 2 | . 1 1 . . Targets Rammed 2 | . 1 1 . . Kicked . | . . . . . Crushed . | . . . . . Highest Temperature 355 | . 20 355 67 249 Average Temperature 78 | . 12 121 14 72 Received Heat Transfer 1185 | . 54 354 129 648 Effects 1 | . . 1 . . Energy Bleed 1 | . . 1 . . Siege Activations . | . . . . . Robots Corrupted 4 | . . . . 4 Combat Hostiles 4 | . . . . 4 Parts Fried 5 | . . . . 5 Impact Corruptions . | . . . . . Robots Melted . | . . . . . Combat Hostiles . | . . . . . Parts Melted 9 | . . 5 3 1 Heat Transferred 3456 | . . 1369 1480 607 Parts Sabotaged . | . . . . . Parts Stolen . | . . . . . Parts Stripped . | . . . . . Power Chain Reactions 2 | . . . . 2 Alert | -11 -10 -10 -9 -8 ------- Run | Yrd Mat Min Mat Mat Peak Influence 366 | . 22 168 155 366 Initial 27 | . . 7 . 27 Average 76 | . 13 35 41 195 Maximum Alert Level 1 | . . . . 1 Low Security (%) 85 | 100 100 100 100 44 Level 1 14 | . . . . 55 Level 2 . | . . . . . Level 3 . | . . . . . Level 4 . | . . . . . Level 5 . | . . . . . High Security . | . . . . . Max Security . | . . . . . Squads Dispatched 5 | . 1 . 1 3 Investigation 1 | . 1 . . . Extermination . | . . . . . Reinforcement 4 | . . . 1 3 Assault . | . . . . . Garrison . | . . . . . Intercept . | . . . . . Searches Triggered . | . . . . . Construction Impeded . | . . . . . Haulers Reinforced . | . . . . . Active Scanning Responses . | . . . . . Cargo Convoy Interrupts . | . . . . . Stealth | -11 -10 -10 -9 -8 --------- Run | Yrd Mat Min Mat Mat Distress Signals 2 | . . . . 2 Communications Jammed . | . . . . . Distress Signals . | . . . . . Times Spotted 56 | . 6 11 11 28 Peak Tracking Total 4 | . 3 3 2 4 Tactical Retreats 3 | . . 2 . 1 Traps | -11 -10 -10 -9 -8 ------- Run | Yrd Mat Min Mat Mat Traps Triggered 3 | . 1 . . 2 Indirectly . | . . . . . Trap Hack Attempts . | . . . . . Triggered . | . . . . . Disarmed . | . . . . . Reprogrammed . | . . . . . Reused . | . . . . . Traps Extracted . | . . . . . Installed . | . . . . . Triggered 1 | . . 1 . . Machines | -11 -10 -10 -9 -8 ---------- Run | Yrd Mat Min Mat Mat Machines Disabled 4 | . . 3 . 1 Max in Single Turn 1 | . . 1 . 1 Machines Repaired . | . . . . . Machines Dismantled . | . . . . . Machines Sabotaged . | . . . . . Overloaded Fab Kills . | . . . . . Hacking | -11 -10 -10 -9 -8 --------- Run | Yrd Mat Min Mat Mat Machines Accessed . | . . . . . Terminals . | . . . . . Fabricators . | . . . . . Repair Stations . | . . . . . Recycling Units . | . . . . . Scanalyzers . | . . . . . Garrison Access . | . . . . . Total Hacks . | . . . . . Successful . | . . . . . Failed . | . . . . . Catastrophic . | . . . . . Database Lockouts . | . . . . . Manual . | . . . . . Terminals . | . . . . . Fabricators . | . . . . . Repair Stations . | . . . . . Recycling Units . | . . . . . Scanalyzers . | . . . . . Garrison Access . | . . . . . Terminal Hacks . | . . . . . Fabricator Hacks . | . . . . . Repair Station Hacks . | . . . . . Recycling Unit Hacks . | . . . . . Scanalyzer . | . . . . . Garrison Access Hacks . | . . . . . Unauthorized Hacks . | . . . . . Terminals . | . . . . . Fabricators . | . . . . . Repair Stations . | . . . . . Recycling Units . | . . . . . Scanalyzers . | . . . . . Garrison Access . | . . . . . Data Cores Recovered . | . . . . . Used . | . . . . . Hacking Detections . | . . . . . Full Trace Events . | . . . . . Feedback Events . | . . . . . Feedback Blocked . | . . . . . Robot Schematics Acquired . | . . . . . Robots Built . | . . . . . Authchips . | . . . . . Time . | . . . . . Total Robot Build Rating . | . . . . . Part Schematics Acquired . | . . . . . Parts Built . | . . . . . Authchips . | . . . . . Time . | . . . . . Total Part Build Rating . | . . . . . Parts Repaired . | . . . . . Time . | . . . . . Parts Recycled . | . . . . . Recycled Matter . | . . . . . Retrieved Matter . | . . . . . Retrieved Components . | . . . . . Parts Scanalyzed . | . . . . . Part Schematics Acquired . | . . . . . Parts Damaged . | . . . . . Bothacking | -11 -10 -10 -9 -8 ------------ Run | Yrd Mat Min Mat Mat Used RIF Installer . | . . . . . Robots Hacked . | . . . . . Non-combat . | . . . . . Combat . | . . . . . Robot Hacks Applied . | . . . . . Relay Couplers Released . | . . . . . Fabnet Peak Effective % . | . . . . . Robots Rewired . | . . . . . Allies Hacked . | . . . . . Hacks Repelled . | . . . . . Allies | -11 -10 -10 -9 -8 -------- Run | Yrd Mat Min Mat Mat Total Allies . | . . . . . Largest Group . | . . . . . Highest-Rated Group . | . . . . . Highest-Rated Ally . | . . . . . Total Orders . | . . . . . Ally Attacks . | . . . . . Total Damage . | . . . . . Kills . | . . . . . Allies Corrupted . | . . . . . Allies Melted . | . . . . . Intel | -11 -10 -10 -9 -8 ------- Run | Yrd Mat Min Mat Mat Robot Analysis Total . | . . . . . Derelict Logs Recovered . | . . . . . Drone Launches . | . . . . . Drone Recoveries . | . . . . . Exploration | -11 -10 -10 -9 -8 ------------- Run | Yrd Mat Min Mat Mat Turns Passed 3476 | 85 210 1328 952 901 Spaces Moved 1070 | 66 88 384 271 261 Core 30 | 30 . . . . Treads 704 | 36 88 384 196 . Legs 2 | . . . 2 . Wheels 334 | . . . 73 261 Hover . | . . . . . Flight . | . . . . . Fastest Speed 50 | 50 160 320 116 116 Average Speed 248 | 110 221 320 303 129 Slowest Speed 680 | 160 320 320 680 150 Overloaded Moves . | . . . . . Propulsion Burnouts . | . . . . . Robots Hopped . | . . . . . Cave-ins Triggered . | . . . . . Exploration Rate (%) 26 | 5 25 60 20 23 Regions Visited 4 Branch Regions 1 Pre-discovered Areas . | . . . . . Known Exits Taken . | . . . . . Unknown Exits Taken 4 | 1 1 1 1 . Scrap Searched 1 | . . 1 . . Spaces Dug . | . . . . . Terrain Destroyed 5 | . . . . 5 Melee . | . . . . . Projectile . | . . . . . AOE 5 | . . . . 5 Terrain Rammed . | . . . . . Walls Destroyed . | . . . . . Machines Disabled . | . . . . . Actions | -11 -10 -10 -9 -8 --------- Run | Yrd Mat Min Mat Mat Total 1703 | 78 99 431 331 764 Wait 453 | . . 3 . 450 Move 1066 | 65 87 383 270 261 Hop . | . . . . . Pick Up 40 | 7 5 7 11 10 Fast Attach 1 | 1 . . . . Attach 18 | 5 1 2 5 5 Detach 1 | . . 1 . . Swap 14 | . 1 3 4 6 Drop 11 | . 1 4 3 3 Fire 97 | . 3 27 38 29 Melee . | . . . . . Ram . | . . . . . Kick . | . . . . . Crush 2 | . 1 1 . . Escape Stasis . | . . . . . Rewire . | . . . . . Trap . | . . . . . Miscellaneous . | . . . . . Route ------- -11/Scrapyard -10/Materials -10/Mines -9/Materials -8/Materials History --------- Turn | Location | Event 29 | -11/Scrapyard | Discovered new exit (range 15) 86 | -11/Scrapyard | Entered Materials 172 | -10/Materials | Discovered new exit (range 13) 296 | -10/Materials | Entered Mines 317 | -10/Mines | Build established: Mutant 1303 | -10/Mines | Joined a pair of Derelicts in attacking an 0b10 outpost 1370 | -10/Mines | Discovered new exit (range 13) 1624 | -10/Mines | Entered Materials 1624 | -9/Materials | Evolved 2 slots: Power x1, Propulsion x1 2422 | -9/Materials | Build established: Scavenger-Mutant 2560 | -9/Materials | Discovered new exit (range 6) 2576 | -9/Materials | Entered another Materials area 2576 | -8/Materials | Evolved 2 slots: Utility x2 3204 | -8/Materials | Build established: Mutant 3368 | -8/Materials | Lost 6 parts (2n3u1w) 3381 | -8/Materials | Core integrity fell below 50% 3433 | -8/Materials | Core integrity fell below 20% 3477 | -8/Materials | Destroyed by Y-45 Defender with Beam Rifle Last Messages --------------- 03028_ R-06 Scavenger collects Corrupted Imp. Heat Sink. 03028_ K-01 Serf collects debris. 03032_ R-06 Scavenger collects Particle Gun. 03032_ K-01 Serf collects debris. 03037_ K-01 Serf cleans the Repair Station. 03046_ K-01 Serf collects debris. 03049_ K-01 Serf cleans the Repair Station. 03170_ K-01 Serf cleans the Garrison Access. 03210_ W-25 Informer distress signal alerts nearby ally. 03239_ Lightning Gun destroyed. 03283_ Imp. EM Pulse Cannon destroyed. 03307_ Arm. Wheel destroyed. 03313_ Imp. Utility Shielding destroyed. 03322_ Arm. Wheel destroyed. 03332_ Kinecellerator destroyed. 03337_ Heat Sink destroyed. 03427_ Terminal disabled. Map ----- +----------------------------------------------------+ | ### ####+###### #???????? | | !% #???????? | | % ########### #???????? | | ##+############# #?????????# %% #???????? | | ## ???????????# #?????????# #???????? | | ## ""??????????+ +?????????# ###### #???????? | | ## """?????????# #?????????# ###?????#???????? | | ## """ ????????# #?????????# #???????????????? | | !# """?????????# #?????????# #???????????????? | | # ??????????# #?????????# ###???????????????? | | # ???????????# #?????????# #?????????????????? | | ###???????????# #?????????# #?????????????????? | | ##?????????????# +?????????# #?????????????????? | | ???????????????# #?????????#*#?????????????????? | | ???????????????# #?????????#%#?????????????????? | | ???????????????# #?????????#!#?????????????????? | | ???????????????! ?????????# #?????????????????? | | ???????????????? ??????????# #?????????????????? | | ?????????????????????????????# #?????????????????? | | ?????????????????????????????# #?????????????????? | | ????????????????????????###### #?????????????????? | | ????????????????????????#"""##=#?????????????????? | | ??????????????????#?????#"R"##%#?????????????????? | | ??????????????????# #####" "##r#?????????????????? | | ??????????????????# a #?????????????????? | | ??????????????????# %@ #?????????????????? | | ?????????????""" + "T #?????????????????? | | ?????????????"""" # #?????????????????? | | ??????????????????## ] #?????????????????? | | ???????????????????# #?????????????????? | | ???????????????????# #?????????????????? | | ???????????????????# Y #?????????????????? | | ???????????????????# "" #?????????????????? | | ???????????????????# """ #?????????????????? | | ???????????????????# """ = #?????????????????? | | ???????????????????#r #?????????????????? | | ??????????????????? ?????????????????? | | ?????????????????? ? ????????????????? | | ????????????????? ??? ????????????????? | | ?????????????????###????" "###+###???????????????? | | ?????????????????????????G"??? ?????????????????? | | ?????????????????????????"???? ??????????????????? | | ?????????????????????????????????????????????????? | | ?????????????????????????????????????????????????? | | ?????????????????????????????????????????????????? | | ?????????????????????????????????????????????????? | | ?????????????????????????????????????????????????? | | ?????????????????????????????????????????????????? | | ?????????????????????????????????????????????????? | | ?????????????????????????????????????????????????? | +----------------------------------------------------+ Best States ------------- Heat Dissipation 41 Energy Generation 17 Energy Capacity 290 Matter Stores 300 Matter Capacity 300 Sight Range 16 Terrain Scan Density 10 Armor Coverage 300 Resistance: KI 20 Resistance: TH 20 Resistance: EX 20 Resistance: EM 20 Resistance: I 20 Resistance: S 20 Resistance: P 20 Utility Shielding 66 Evasion (%) 50 Recoil Reduction 2 Kinecelleration 30 Offensive Hacking 10 Item Schematics ----------------- None Robot Schematics ------------------ None Fabricated ------------ Nothing Alien Tech Used ----------------- None Achievements -------------- Power Corrupts Challenges ------------ None Game ------ Seed WarpModifiedAutopenetrator Manual? 0 Play Time 00:32:02 Cumulative 9.5 hours Start 2024.12.14 @ 16:07:20 End 2024.12.14 @ 16:40:20 Sessions 1 Manual Loads 0 Difficulty Adventurer Special Mode None Game No. 15 Rogue 0 Adventurer 15 Explorer 0 Win Type - Total 0 Types 0/0/0/0/0/0/0/0/0 Lore% 2 Gallery% 11 Achievement% 11 Wizard Run 0 Options --------- Layout 1 ASCII 0 Keyboard 1 Movement Vi Keybinds 0 Fullscreen 1 Font 48/Smallcaps Map View 50x35 Zoom Use 0% Tactical HUD 1 Map Filters NONE Filters NONE Steam 1 RUN: ecf723dc-f666-4957-9908-f639104bf317